 Dungeon Crawl Stone Soup version 0.26.1-11-gd32895ea62 (webtiles) character file.

Game seed: 9901200523656035990

76 eooof the Skirmisher (level 4, -19/41 HPs)
             Began as a Hill Orc Fighter on May 25, 2021.
             Demolished by an ogre
             ... wielding a +0 giant spiked club
              (24 damage)
             ... on level 3 of the Dungeon.
             The game lasted 00:07:41 (871 turns).

eooof the Skirmisher (Hill Orc Fighter)              Turns: 871, Time: 00:07:43

Health: -19/41     AC:  9    Str: 19    XL:     4   Next: 32%
Magic:  5/5        EV:  7    Int:  8    God:
Gold:   61         SH:  9    Dex: 10    Spells: 4/4 levels left

rFire    . . .     SeeInvis .   a - +0 war axe
rCold    . . .     Faith    .   c - +0 kite shield
rNeg     . . .     Spirit   .   b - +0 scale mail
rPois    .         Reflect  .   (no helmet)
rElec    .         Harm     .   (no cloak)
rCorr    .         Rampage  .   (no gloves)
Will     .....                  (no boots)
Stlth    ..........             (no amulet)
HPRegen  0.13/turn              (no ring)
MPRegen  0.09/turn              (no ring)

@: no status effects
A: slimy green scales 1, high mp 1, sense surroundings 1
a: no special abilities


You were on level 3 of the Dungeon.
You visited 1 branch of the dungeon, and saw 3 of its levels.

You collected 61 gold pieces.

Inventory:

Hand Weapons
 a - a +0 war axe (weapon)
Armour
 b - a +0 scale mail (worn)
 c - a +0 kite shield (worn)
Scrolls
 g - a scroll of teleportation
 i - a scroll of remove curse
Potions
 d - a potion of might


   Skills:
 * Level 4.4 Fighting
 * Level 3.7 Axes
 + Level 3.8 Armour
 + Level 3.7 Shields
 + Level 0.5 Spellcasting


You had 4 spell levels left.
You didn't know any spells.
Your spell library was empty.

Dungeon Overview and Level Annotations

Branches:
Dungeon (3/15)

Altars:

Annotations:
D:3 Zeld's ghost, amateur OpGl


Innate Abilities, Weirdness & Mutations

You are partially covered in slimy green scales. (AC +2)
You have an increased reservoir of magic. (+10% MP)
You passively map a small area around you.


Message History

There is a stone staircase leading up here.
There is an open translucent door here.
You see here a scroll of immolation.
e - a scroll of immolation Zeld's ghost hits you.
* * * LOW HITPOINT WARNING * * *
Really read the scroll of immolation?
As you read the scroll of immolation, it crumbles to dust.
The creatures around you are filled with an inner flame!
Zeld's ghost threatens to break your skull.
You block Zeld's ghost's attack.
Zeld's ghost twirls its quarterstaff.
You see here a bone ring.
You slash the ogre!
Flame seeps out of the ogre.
The ogre is moderately wounded.
You slash Zeld's ghost!
Flame seeps out of Zeld's ghost.
The ogre is engulfed in blazing flames.
Flame seeps out of the ogre.
The ogre hits you with a +0 giant spiked club!!
Ouch! That really hurt!
You die...

#.#.###.#
#.....#.#
*
###.#.#.#
,,
#.....#
,,
##...##
##'##,,,,
,* #!..#*
,* #.OW#
* * #:@.#
, ,
#####* *
* , , , *
, , ,


You could see an ogre (inner flame) and Zeld's ghost (inner flame).

Vanquished Creatures
  A bullfrog skeleton (D:2)
  2 gnolls (D:2)
  2 worms (D:2)
  A leopard gecko (D:1)
  4 goblins
  A hobgoblin (D:2)
  2 kobolds
  A quokka (D:2)
  5 bats
  A frilled lizard (D:2)
  2 rats (D:1)
22 creatures vanquished.

Notes
Turn   | Place    | Note
-------+----------+-------------------------------------------
     0 | D:1      | eooof the Hill Orc Fighter began the quest for the Orb.
     0 | D:1      | Reached XP level 1. HP: 19/19 MP: 1/1
   169 | D:1      | Reached XP level 2. HP: 27/27 MP: 2/2
   688 | D:2      | Gained mutation: You have an increased reservoir of magic.
                  | (+10% MP) [potion of mutation]
   688 | D:2      | Gained mutation: You are partially covered in slimy green
                  | scales. (AC +2) [potion of mutation]
   688 | D:2      | Gained mutation: You passively map a small area around you.
                  | [potion of mutation]
   712 | D:2      | Reached skill level 4 in Fighting
   712 | D:2      | Reached XP level 3. HP: 22/33 MP: 3/3
   724 | D:2      | Reached XP level 4. HP: 24/41 MP: 3/5
   839 | D:3      | Found a runed translucent door.
   839 | D:3      | Noticed an ogre
   839 | D:3      | Noticed Zeld's ghost (amateur OpGl)
   871 | D:3      | Demolished by an ogre

Illustrated notes

Levels and vault maps discovered:
D:1:      dpeg_arrival_short_road, layout_loops_cross, item_on_display_a
D:2:      layout_loops_corners, feat_on_display
D:3:      layout_loops_cross, ebering_ghost_inner_flame,
          evilmike_ruin_ashenzari, uniq_jessica, uniq_ijyb

Skill      XL: |  1  2 |
---------------+-------+-----
Axes           | 3 |  3.7
Fighting       | 4 |  4.4
Armour         | |  3.8
Shields        | |  3.7
Spellcasting   | |  0.5

Action                   |  1- 3 |  4- 6 || total
-------------------------+-------+-------++-------
Melee: War axe           |    62 |    21 ||    83
  Use: Scroll            |     2 |     2 ||     4
       Potion            |     2 |       ||     2
Armor: Scale mail        |    69 |    11 ||    80
Dodge: Dodged            |    46 |     6 ||    52
Block: Kite shield       |    60 |    12 ||    72
